 Dungeon Crawl Stone Soup version 0.29-a0-870-g2c972031a6 (webtiles) character file.

Game seed: 18222228065000656165

294 zeratav the Stinger (level 6, 0/36 HPs)
             Began as an Octopode Venom Mage on July 17, 2022.
             Slain by a centaur (2 damage)
             ... on level 4 of the Dungeon.
             The game lasted 00:04:45 (4172 turns).

zeratav the Stinger (Octopode Venom Mage)           Turns: 4172, Time: 00:04:45

Health: 0/36       AC:  1    Str:  8    XL:     6   Next: 34%
Magic:  7/9        EV: 13    Int: 19    God:
Gold:   183        SH:  0    Dex: 12    Spells: 6/9 levels left

rFire   . . .      SeeInvis .   o - +0 dagger (speed) {short}
rCold   . . .      Faith    .   (no shield)
rNeg    . . .      Spirit   .   (helmet restricted)
rPois   .          Reflect  .   (no amulet)
rElec   .          Harm     .   c - ring of wizardry
rCorr   .          Rampage  .   (no ring)
Will    .....                   (no ring)
Stlth   ++++......              (no ring)
HPRegen 0.12/turn               (no ring)
MPRegen 0.11/turn               (no ring)
                                (no ring)
                                (no ring)

@: no status effects
A: almost no armour, amphibious, 8 rings, camouflage 1, gelatinous body 1,
(nimble swimmer 1), tentacles
a: no special abilities


You were on level 4 of the Dungeon.
You visited 1 branch of the dungeon, and saw 4 of its levels.

You collected 183 gold pieces.


Innate Abilities, Weirdness & Mutations

You cannot wear most types of armour.
You are amphibious.
You can wear up to eight rings at the same time.
Your skin changes colour to match your surroundings (Stealth+).
Your rubbery body absorbs attacks. (AC +1, EV +1)
((You are camouflaged when in or above water. (Stealth+)))
You have tentacles for arms and can constrict up to eight enemies at once.


   Skills:
 - Level 2.0 Dodging
 - Level 5.0 Stealth
 - Level 2.0 Spellcasting
 - Level 1.0 Transmutations
 + Level 7.5 Poison Magic


You had 6 spell levels left.
You knew the following spells:

 Your Spells              Type           Power      Damage    Failure   Level
a - Sting                 Tmut/Pois      72%        1d6       1%          1
b - Poisonous Vapours     Pois/Air       32%        N/A       2%          2

Your spell library contained the following spells:

 Spells                   Type           Power      Damage    Failure   Level
 Olgreb's Toxic Radiance  Pois           30%        N/A       3%          4
 Foxfire                  Conj/Fire      4%         2x1d4     7%          1
 Freeze                   Ice            4%         1d3       7%          1
 Mephitic Cloud           Conj/Pois/Air  11%        N/A       8%          3
 Conjure Flame            Conj/Fire      1%         6-21      21%         3
 Frozen Ramparts          Ice            2%         1d2       21%         3
 Inner Flame              Hex/Fire       1%         N/A       21%         3
 Flame Wave               Conj/Fire      1%         2d4       52%         4
 Hailstorm                Conj/Ice       1%         3d3       52%         4

Inventory:

Hand Weapons
 o - a +0 dagger of speed (weapon) {short}
   (You took it off a goblin on level 4 of the Dungeon)
Jewellery
 c - a ring of wizardry (left tentacle)
   (You found it on level 1 of the Dungeon)
Wands
 n - a wand of light (5)
   (You found it on level 3 of the Dungeon)
Scrolls
 g - 2 scrolls of fog {unknown}
 j - a scroll of acquirement {unknown}
 l - a scroll of noise {unknown}
 m - a scroll of teleportation {unknown}
Potions
 a - a potion of magic
 b - a potion of lignification {unknown}
 d - a potion of resistance {unknown}
 e - a potion of cancellation {unknown}
 f - a potion of curing {@q1}
 h - a potion of mutation {unknown}
 i - a potion of might {unknown}
 k - a potion of flight {unknown}

Dungeon Overview and Level Annotations

Branches:
Dungeon (4/15) Zot: 19827
 Temple: D:4-7

Altars:
Dithmenos
Elyvilon

Shops:
D:3 (

Annotations:
D:4 Duvessa, Menkaure

.## #########.........##
..####..................#
........................#
..##....<...............#
#####....................
# #..####^####......... #
##.# ..... #........# #
##.#.......#.c.....#
#####..#.......#@#.....#
.......#..._...^.#.....#
.....#.#.......#.##.c..#
.....#.# ......#.# ....#
.....#.# ..... #.# #...#
.....#.# ##### #.. ...#
.....#.. ... ...#
....#### ... ....# ....


You could see a centaur (blind, very poisoned).


Message History

Confirm with . or Enter, or press ? or * to list all spells.
Okay, then.
The iguana looks more healthy.
Casting: Poisonous Vapours (safe; 2% risk of failure)
Confirm with . or Enter, or press ? or * to list all spells.
Aiming: Poisonous Vapours (safe; 2% risk of failure)
Press: ? - help, Dir - move target, f/p - iguana
Aim: an iguana (lightly wounded) Poisonous vapours surround the iguana!
The iguana is poisoned.
MP[-1]
You lost 1 mp, and now have 6/9 mp.
Casting: Poisonous Vapours (safe; 2% risk of failure)
Confirm with . or Enter, or press ? or * to list all spells.
Aiming: Poisonous Vapours (safe; 2% risk of failure)
Press: ? - help, Dir - move target, f/p - iguana
Aim: an iguana (lightly wounded, poisoned) Poisonous vapours surround the iguana!
The iguana looks even sicker.
MP[-2]
You lost 2 mp, and now have 4/9 mp.
You hit the iguana but do no damage. You grab the iguana.
You constrict the iguana. The iguana bites you!
HP[-7]
You take 7 damage, and now have 29/36 hp.
You hit the iguana but do no damage. You squeeze the iguana.
You constrict the iguana. The iguana bites you.
HP[-1]
You take 1 damage, and now have 28/36 hp.
You hit the iguana but do no damage. You constrict the iguana.
You hit the iguana but do no damage.
You squeeze the iguana, but do no damage.
You constrict the iguana.
You kill the iguana!
You start resting.
HP[+8] MP[+5]
Your hp is fully restored (36).
Your mp is fully restored (9).
b - a metallic white potion
Items here: ) [[ †.
Okay, then.
You now have 172 gold pieces (gained 10).
Found a stone staircase leading down.
There is a stone staircase leading down here.
Duvessa, Sister of Dowan comes into view.
She is wielding a +0 short sword and carrying a wand of flame (21).
Menkaure, Prince of Dust comes into view.
Found a stone staircase leading up.
Found a shadowy altar of Dithmenos.
You now have 183 gold pieces (gained 11).
A centaur comes into view.
Casting: Poisonous Vapours (safe; 2% risk of failure)
Confirm with . or Enter, or press ? or * to list all spells.
Aiming: Poisonous Vapours (safe; 2% risk of failure)
Press: ? - help, Dir - move target, f - centaur
Aim: a centaur (asleep) Poisonous vapours surround the centaur!
The centaur is poisoned.
The centaur wields a +0 shortbow.
The centaur shoots an arrow.
The arrow hits you!
The centaur shoots an arrow.
The arrow barely misses you.
HP[-10] MP[-2]
You take 10 damage, and now have 26/36 hp.
MASSIVE DAMAGE!! (PAUSE)
You lost 2 mp, and now have 7/9 mp.
HP[+1]
The centaur shoots an arrow.
The arrow hits you!
* * * LOW HITPOINT WARNING * * *
HP[-11]
You take 11 damage, and now have 16/36 hp.
MASSIVE DAMAGE!! (PAUSE)
The centaur shoots an arrow.
The arrow misses you.
The centaur unwields a +0 shortbow.
The centaur hits you.
* * * LOW HITPOINT WARNING * * *
The centaur kicks you.
* * * LOW HITPOINT WARNING * * *
HP[-8]
You take 8 damage, and now have 8/36 hp.
MASSIVE DAMAGE!! (PAUSE)
Casting: Poisonous Vapours (safe; 2% risk of failure)
Confirm with . or Enter, or press ? or * to list all spells.
Aiming: Sting (safe; 1% risk of failure)
Press: ? - help, Shift-Dir - straight line, f/p - centaur
Aim: a centaur (lightly wounded, poisoned, 84% to hit)
The sting hits the centaur but does no damage.
The centaur looks even sicker.
The centaur hits you.
* * * LOW HITPOINT WARNING * * *
The centaur completely misses you.
HP[-3]
You take 3 damage, and now have 5/36 hp.
You feel better. The centaur hits you.
* * * LOW HITPOINT WARNING * * *
The centaur closely misses you. The centaur hits you.
* * * LOW HITPOINT WARNING * * *
The centaur kicks you.
* * * LOW HITPOINT WARNING * * *
HP[-4]
You take 4 damage, and now have 1/36 hp.
Aiming: Bolt of Light
Press: ? - help, Q - select action, (/) - cycle Shift-Dir - straight line, f/p - centaur
Aim: a centaur (moderately wounded, very poisoned, 83% to hit)
The bolt of light hits the centaur.
The centaur is blinded.
The centaur misses you. The centaur closely misses you.
HP[+1]
You hit the centaur. The centaur barely misses you. The centaur kicks you.
You die...

Skill      XL: |  1  2  3  4  5 |
---------------+----------------+-----
Stealth        | 3 4 5 |  5.0
Poison Magic   | 4 5 7 |  7.5
Dodging        | |  2.0
Spellcasting   | |  2.0
Transmutations | |  1.0

Action                   |  1- 3 |  4- 6 || total
-------------------------+-------+-------++-------
Melee: Unarmed           |     6 |       ||     6
       Constrict         |    12 |    20 ||    32
       Tentacles         |     3 |    14 ||    17
       Dagger            |    36 |    67 ||   103
 Cast: Sting             |    19 |    14 ||    33
       Poisonous Vapours |     2 |    16 ||    18
Evoke: Wand              |       |     1 ||     1
  Use: Potion            |     3 |     1 ||     4
 Stab: Sleeping          |     7 |    11 ||    18
Armor: Skin              |    12 |     4 ||    16
Dodge: Dodged            |    43 |    44 ||    87

Levels and vault maps discovered:
D:1:      elethiomel_arrival_quiet, layout_basic, shapermc_ecumenical_altar_gd
D:2:      layout_loops_ring, uniq_natasha
D:3:      layout_rooms, elyvilon_altar_1, serial_shops,
          nicolae_shop_statue_plus, hex_tiny
D:4:      layout_cave_pods, lemuel_tele_altar, serial_column_ruins,
          column_ruins_circle_medium, column_ruins_corridor_dead_end,
          column_ruins_columns_straight, column_ruins_open_tiny,
          column_ruins_columns_corner, uniq_edmund, uniq_robin, uniq_duvessa,
          uniq_menkaure

Notes
Turn   | Place    | Note
-------+----------+-------------------------------------------
     0 | D:1      | zeratav the Octopode Venom Mage began the quest for the
                  | Orb.
     0 | D:1      | Reached XP level 1. HP: 11/11 MP: 3/3
     0 | D:1      | magus.rc [v1.9.6]
   348 | D:1      | HP: 1/11 [quokka (3)]
   349 | D:1      | Reached skill level 3 in Stealth
   352 | D:1      | Reached XP level 2. HP: 2/17 MP: 0/5
   706 | D:1      | Reached skill level 4 in Poison Magic
   736 | D:1      | Found a faded altar of an unknown god.
  1089 | D:1      | You pick up a book of Flames and begin reading...
  1089 | D:1      | You add the spells Foxfire, Conjure Flame, Inner Flame and
                  | Flame Wave to your library.
  1494 | D:2      | Reached XP level 3. HP: 15/21 MP: 6/6
  1618 | D:2      | Learned a level 2 spell: Poisonous Vapours
  1623 | D:2      | Reached skill level 4 in Stealth
  1953 | D:2      | Noticed Natasha
  1960 | D:2      | HP: 3/21 [Natasha (7)]
  1966 | D:2      | HP: 5/21 [crimson imp[Natasha] (2)]
  1968 | D:2      | Killed Natasha
  1969 | D:2      | Reached XP level 4. HP: 9/27 MP: 5/7
  2377 | D:2      | Noticed Natasha
  2386 | D:2      | Killed Natasha
  2387 | D:2      | Reached skill level 5 in Stealth
  2387 | D:2      | Reached skill level 5 in Poison Magic
  2402 | D:2      | Noticed Natasha
  2407 | D:2      | Killed Natasha
  2408 | D:2      | Reached XP level 5. HP: 18/31 MP: 1/8
  2747 | D:3      | Found a white marble altar of Elyvilon.
  2837 | D:3      | Reached skill level 6 in Poison Magic
  2846 | D:3      | You pick up a book of Frost and begin reading...
  2846 | D:3      | You add the spells Freeze, Frozen Ramparts and Hailstorm to
                  | your library.
  2971 | D:3      | Noticed an ogre
  3001 | D:3      | Killed an ogre
  3002 | D:3      | Reached skill level 7 in Poison Magic
  3002 | D:3      | Reached XP level 6. HP: 36/36 MP: 0/9
  3199 | D:3      | Found Doxej's Antique Weapon Emporium.
  3550 | D:4      | Noticed Robin
  3786 | D:4      | Killed Robin
  4090 | D:4      | Noticed Duvessa
  4110 | D:4      | Noticed Menkaure
  4147 | D:4      | Found a shadowy altar of Dithmenos.
  4168 | D:4      | HP: 8/36 [centaur (3)]
  4170 | D:4      | HP: 1/36 [centaur (3)]
  4172 | D:4      | Slain by a centaur

Vanquished Creatures
  An ogre (D:3)
  Natasha (thrice) (D:2)
  An iguana (D:4)
  Robin (D:4)
  2 adders
  A worm (D:3)
  A dart slug (D:1)
  2 orcs
  9 bats
  3 endoplasms
  3 giant cockroaches
  4 hobgoblins
  3 jackals (D:3)
  3 kobolds
  4 quokkas
  7 ball pythons
  4 frilled lizards
  10 goblins
  6 rats
68 creatures vanquished.

Vanquished Creatures (others)
  A fungus (D:1)
1 creature vanquished.

Grand Total: 69 creatures vanquished

Table legend:
 A = Non-vault XP
 B = Vault XP
 C = Vault XP percentage of total XP
 D = Non-vault monster count
 E = Vault monster count
 F = Vault count percentage of total count
                 A         B        C        D         E       F
            +---------+---------+-------+---------+---------+-------
      Total |     350 |      71 |  16.9 |      56 |      12 |  17.6
            +---------+---------+-------+---------+---------+-------
        D:1 |      22 |       0 |   0.0 |      12 |       0 |   0.0
        D:2 |     113 |      36 |  24.2 |      21 |       1 |   4.5
        D:3 |     174 |       0 |   0.0 |      20 |       0 |   0.0
        D:4 |      41 |      35 |  46.1 |       3 |      11 |  78.6
            +---------+---------+-------+---------+---------+-------

Illustrated notes

Table legend:
 A = Kills in this place as a percentage of kills in entire the game.
 B = Kills by you in this place as a percentage of kills by you in the entire game.
 C = Kills by friends in this place as a percentage of kills by friends in the entire game.
 D = Other kills in this place as a percentage of other kills in the entire game.
 E = Experience gained in this place as a percentage of experience gained in the entire game.
 F = Experience gained in this place divided by the number of levels of this place that you have seen.
                   A       B       C       D       E      F
               +-------+-------+-------+-------+-------+----------------------
         Total | 100.0 | 100.0 |   N/A |   N/A | 100.0 | 105.2
       Dungeon | 100.0 | 100.0 |   N/A |   N/A | 100.0 | 105.2
               +-------+-------+-------+-------+-------+----------------------

Table legend: (Time is in decaauts)
 A = Elapsed time spent in this place.
 B = Non-inter-level travel time spent in this place.
 C = Inter-level travel time spent in this place.
 D = Time resting spent in this place.
 E = Time spent auto-exploring this place.
 F = Levels seen in this place.
 G = Mean time per level.
                   A        B        C        D        E       F      G
               +--------+--------+--------+--------+--------+-----+--------+
         Total |   4172 |   4092 |     80 |   1329 |   2240 |   4 | 1043.0 |
       Dungeon |   4172 |   4092 |     80 |   1329 |   2240 |   4 | 1043.0 |
               +--------+--------+--------+--------+--------+-----+--------+

Top non-repeatable levels by time:
     D:1: 1454 daAuts
     D:2: 1285 daAuts
     D:3: 780 daAuts
     D:4: 652 daAuts
